[Event "Asian Amateur-ch Open 2022"]
[Site "Muscat"]
[Date "2022.10.02"]
[Round "4.32"]
[White "Alharthi, Ahmed Mohammed A"]
[Black "Sinan Shafeek"]
[Result "1-0"]
[ECO "D02"]
[WhiteElo "1950"]
[BlackElo "1099"]
[Annotator "TA"]
[PlyCount "55"]
[EventDate "2022.09.29"]
[EventType "swiss"]
[SourceTitle "playchess.com"]
[Source "ChessBase"]
[SourceQuality "1"]
[TimeControl "5400+30"]

1. d4 Nf6 2. Bf4 e6 3. e3 d5 4. Nd2 Bd6 5. Bg3 O-O 6. Ngf3 Re8 {[%emt 0:03:07] D02: 1 d4 d5 2 Nf3 sidelines, including 2...Nf6 3 g3 and 2...Nf6 3 Bf4.} 7. Bd3 Nbd7 8. Ne5 c5 {[%emt 0:03:58] [#]} (8... g6 $11) 9. Nxf7 $1 $16 {[%emt 0:04:36][%mdl 512] White has more active pieces. The black rooks are badly placed.} Kxf7 10. Bxd6 cxd4 11. exd4 {[%emt 0:04:49] [#]} e5 $146 ({Predecessor:} 11... Qb6 12. Be5 Qxb2 13. Rb1 Qxa2 14. O-O Qa5 15. f4 Qd8 16. g4 g6 17. Qf3 a6 {1-0 (30) Wetjen,F (1786)-Stalz,M (1720) Playchess.com INT 2020}) 12. O-O $1 (12. Qf3 e4 13. Nxe4 (13. Bxe4 Qb6 $17) 13... Kg8 $17) 12... e4 {[%emt 0:02:37] [#]} 13. Be2 Qb6 14. Ba3 {[%emt 0:00:29] This bishop pair is nice.} ({Inferior is} 14. Bh5+ g6 15. Bc5 Nxc5 16. dxc5 Qxb2 $15) 14... Qxd4 {[%emt 0:00:30] [#]} 15. Nc4 $1 Qxd1 16. Nd6+ Kg6 17. Raxd1 Re6 (17... Rd8 {is a better defense.} 18. f3 h6) 18. f4 $18 exf3 19. Bxf3 (19. Bd3+ $142 Kh5 20. Rxf3) 19... Nb6 20. Rd4 Rb8 (20... h5 $142 21. b3 Re5) 21. Nxc8 Rxc8 22. Bg4 Nxg4 23. Rxg4+ Kh6 24. Bf8 Rc7 25. Rf3 Re5 $2 (25... Re1+ $2 26. Kf2 Kh5 27. h3 $18 (27. Kxe1 Kxg4 28. Kd1 Kg5 $16) (27. Rxg7 Rxg7 28. Bxg7 Rc1 $18)) (25... Kh5 $16 26. Rxg7 Rxg7 27. Bxg7 Re2) 26. Bd6 Rce7 27. Bxe7 {[%emt 0:51:00] White threatens Rh3+ and mate.} Kh5 28. Bf8 $2 {Weighted Error Value: White=0.39/Black=0.73} (28. Rxg7 {mates} Kh6 29. Rg8 Re1+ 30. Kf2 Rf1+ 31. Kxf1 Kh5 32. Rh3#) 1-0

[Event "Asian Amateur-ch Open 2022"]
[Site "Muscat"]
[Date "2022.10.02"]
[Round "4.33"]
[White "Al Rahbi, Ahmed Badar"]
[Black "Salim Issa, Ali Shamas"]
[Result "0-1"]
[ECO "E34"]
[WhiteElo "1321"]
[BlackElo "1886"]
[Annotator "NA RC COMBH"]
[PlyCount "82"]
[EventDate "2022.09.29"]
[EventType "swiss"]
[SourceTitle "playchess.com"]
[Source "ChessBase"]
[SourceQuality "1"]
[TimeControl "5400+30"]

1. d4 Nf6 2. c4 e6 3. Nc3 Bb4 4. Qc2 d5 5. Qa4+ Nc6 6. e3 Ne4 7. Qc2 O-O 8. a3 Bxc3+ 9. bxc3 f5 10. Nf3 Na5 11. cxd5 exd5 12. c4 c6 13. cxd5 cxd5 14. Bd3 Be6 15. Bxe4 dxe4 16. Nd2 Rc8 17. Qa4 a6 18. O-O b5 19. Qb4 Nc6 20. Qb2 Qd5 21. Rb1 Rc7 22. Nb3 Qxb3 23. Qxb3 Bxb3 24. Rxb3 Na5 25. Rb1 Rfc8 26. Rd1 Rc2 27. a4 bxa4 28. Ba3 Nc4 29. Ra1 Nxa3 30. Rxa3 Rc1 31. Ra1 Rxd1+ 32. Rxd1 a3 33. Ra1 a2 34. g3 Rc2 35. Kg2 Kf7 36. h3 g5 37. h4 g4 38. h5 h6 39. d5 Ke7 40. d6+ Kd7 41. Rb1 axb1=Q 0-1

[Event "Asian Amateur-ch Open 2022"]
[Site "Muscat"]
[Date "2022.10.02"]
[Round "5.1"]
[White "Junaid Sohail"]
[Black "Mahmoody, M. Sadegh"]
[Result "1/2-1/2"]
[ECO "E16"]
[WhiteElo "1981"]
[BlackElo "1914"]
[Annotator "TA"]
[PlyCount "70"]
[EventDate "2022.09.29"]
[EventType "swiss"]
[SourceTitle "playchess.com"]
[Source "ChessBase"]
[SourceQuality "1"]
[TimeControl "5400+30"]

1. d4 {[%emt 0:00:01] Avrukh,B} Nf6 2. c4 e6 3. Nf3 b6 4. g3 Bb7 5. Bg2 c5 6. d5 exd5 7. Nh4 d6 8. cxd5 g6 9. O-O Bg7 10. Nc3 O-O 11. e4 Na6 12. f4 {[%emt 0:03:22][%cal Bf2f4,Bf4f5][%mdl 32] E16: Queen's Indian: 4 g3 Bb7 5 Bg2 Bb4+.} Re8 {[%emt 0:01:10][%cal Ob6b5] [#]} 13. Kh1 $146 (13. f5 $11) ({Predecessor:} 13. Re1 Nc7 14. a4 Rb8 15. Be3 a6 16. Bf2 b5 17. e5 dxe5 18. d6 Ne6 19. fxe5 {½-½ (32) Adianto,U (2615)-Campora,D (2555) Buenos Aires 1997 CBM 060 [Avrukh,B]}) 13... c4 (13... b5 $1 $17 {[%cal Rb5b4] And now ...b4 would win.} 14. Qc2 Nc7) 14. Be3 (14. f5 $11) 14... Nb4 $15 {[%emt 0:07:01][%cal Ob4d5] Strongly threatening ...Nbxd5!} 15. Bd4 Qd7 (15... Nd3 $17 {[%cal Of6e4] aiming for ...Nxe4!} 16. Qc2 Rc8) 16. f5 $11 {[%emt 0:04:06] Hoping for Bxf6.} g5 (16... Qd8 $11 {keeps the balance.}) 17. Nf3 $36 {[%emt 0:00:40][%mdl 2048] White is really pushing.} h6 18. Nd2 (18. h4 $16) 18... b5 (18... Rac8 $11 {remains equal.}) 19. h4 (19. a4 $16) 19... gxh4 20. gxh4 {[%emt 0:00:05] White wants to play a4.} Nd3 21. b3 Rac8 (21... Nxe4 22. Qg4 Ndf2+ 23. Rxf2 Nxf2+ 24. Bxf2 $18) (21... Ba6 $14) 22. bxc4 ({White should play} 22. a4 $1 $16) 22... bxc4 23. Rf3 (23. Nxc4 Ba6 24. Qxd3 Bxc4 $15) 23... Ne5 (23... Nxe4 24. Ndxe4 Bxd4 25. f6 $16) (23... Kh7 $11) 24. Rg3 Kh7 25. Nf3 Qe7 (25... Rg8 $142) 26. Nxe5 dxe5 27. Be3 ({Of course not} 27. Bxa7 $6 Bxd5 28. Bb6 (28. exd5 Qxa7 29. Qe2 Rg8 $11) 28... Bc6 $11) 27... Rg8 28. Bf3 {[%emt 0:03:13] White has more active pieces.} (28. Rb1 $16) 28... Bh8 (28... Nxd5 $1 $11 {and Black has nothing to worry.} 29. exd5 (29. Nxd5 Qxh4+ 30. Kg2 Bh8 $15) 29... Qxh4+ 30. Kg2 e4 31. Nxe4 Be5) 29. Bg5 $18 hxg5 (29... Bg7 {was worth a try.} 30. Qg1 Ba6) 30. hxg5 Nh5 {[%emt 0:00:39] [#]} 31. Bxh5 (31. g6+ $1 $18 {and the rest is easy.} fxg6 32. Rh3) 31... Rxg5 $16 32. Rxg5 Qxg5 {[%emt 0:00:03] [#]} 33. Bxf7 ({Better is} 33. Qe2 $1 $16) 33... Qh4+ $11 {[%emt 0:02:16] The position is equal.} 34. Kg2 {[%emt 0:00:32] Really sharp!} Qg5+ 35. Kh1 {[%emt 0:01:03] Black must now prevent Qe2.} Kh6 $2 {[%emt 0:47:52][%mdl 40960] Weighted Error Value: White=0.51/Black=0.45. An unexpected result.} (35... Qh4+ $11 36. Kg2 Qg5+ 37. Kh1 (37. Kf1 Qf4+ 38. Kg2 Qg5+ $11)) 1/2-1/2

[Event "Asian Amateur-ch Open 2022"]
[Site "Muscat"]
[Date "2022.10.02"]
[Round "5.2"]
[White "Shreyas Seshadri Nallore"]
[Black "Fooladi, Behrooz"]
[Result "0-1"]
[ECO "A05"]
[WhiteElo "1791"]
[BlackElo "1928"]
[Annotator "TA"]
[PlyCount "74"]
[EventDate "2022.09.29"]
[EventType "swiss"]
[SourceTitle "playchess.com"]
[Source "ChessBase"]
[SourceQuality "1"]
[TimeControl "5400+30"]

1. Nf3 c5 2. b3 Nc6 3. Bb2 Nf6 4. e3 g6 5. d4 cxd4 6. exd4 {[%emt 0:00:28] A05: Réti Opening: 1 Nf3 Nf6.} d5 7. Bd3 (7. Ne5 {feels hotter.} Bg7 8. Bb5 Bd7 9. O-O) 7... Bg7 8. Nbd2 {[%emt 0:01:12] The position is equal.} O-O 9. O-O Nb4 10. Be2 Bf5 11. c3 Nd3 12. Bxd3 Bxd3 13. Re1 Rc8 14. Ne5 Ba6 {[%emt 0:01:20] [#]} 15. c4 $146 ({Predecessor:} 15. Rc1 e6 16. Nf1 Re8 17. Rc2 Nd7 18. Nd3 e5 19. Nxe5 Nxe5 20. dxe5 Rxe5 21. Rxe5 Bxe5 {1-0 (42) Valle,L (2284)-Pressman,L (2307) Chess.com INT 2021}) 15... Nd7 16. Nxd7 Qxd7 17. cxd5 Rfe8 18. Ne4 (18. Rc1 $15) 18... Qxd5 $17 19. Qf3 Qf5 {[%emt 0:02:09] Against Nf6+} (19... Red8 $17 20. Rec1 Rxc1+ 21. Rxc1 Bxd4 22. Bxd4 Qxd4) 20. Qe3 (20. Qxf5 $15 gxf5 21. Ng3) 20... b6 {[%emt 1:16:42] Black is more active.} 21. Rac1 {[%emt 0:02:32] Inhibits Rc2.} Qd7 22. Bc3 Bb7 {[%emt 0:00:00] A strong pair of Bishops.} 23. Kh1 (23. Red1 $142) 23... Red8 ({Inferior is} 23... Qg4 24. d5 $17) 24. Red1 Bxe4 ({Worse is} 24... Qg4 25. f3 Qe6 26. Qf4 $17) 25. Qxe4 e6 26. Qe1 Rc6 27. d5 exd5 28. Bxg7 {[%emt 0:00:17] [#] Hoping for Rxc6.} Kxg7 29. Rxc6 Qxc6 {[%emt 0:00:00][%mdl 4096] Endgame KQR-KQR} 30. Qe5+ Qf6 31. Qc7 {[%emt 0:00:18] [#]} (31. Qe2 $17 {was called for.}) 31... d4 $1 $19 32. f3 d3 {[%emt 0:00:00] aiming for ...Re8.} 33. Qxa7 $2 (33. Kg1) 33... d2 34. h3 Re8 {[%emt 0:00:00] ( -> ...Re1+)} 35. Rxd2 Re1+ {[%emt 0:00:00] Black mates.} 36. Kh2 Qf4+ 37. g3 Qxd2# {[%emt 0:00:00] Weighted Error Value: White=0.77/Black=0.08 (flawless)} 0-1

[Event "Asian Amateur-ch Open 2022"]
[Site "Muscat"]
[Date "2022.10.02"]
[Round "5.3"]
[White "Zahmati, Sobhan"]
[Black "Dadabaev, Zhanybek"]
[Result "1-0"]
[ECO "D02"]
[WhiteElo "1926"]
[BlackElo "1902"]
[Annotator "TA"]
[PlyCount "39"]
[EventDate "2022.09.29"]
[EventType "swiss"]
[SourceTitle "playchess.com"]
[Source "ChessBase"]
[SourceQuality "1"]
[TimeControl "5400+30"]

1. d4 d5 2. Nf3 e6 3. g3 c5 4. dxc5 Bxc5 5. Bg2 Nf6 6. c4 {[%emt 0:02:41] D02: 1 d4 d5 2 Nf3 sidelines, including 2...Nf6 3 g3 and 2...Nf6 3 Bf4.} d4 7. Nbd2 Nc6 {[%emt 0:02:40] [#]} 8. Nb3 $146 {[%emt 0:02:27] The position is equal.} ({Predecessor:} 8. O-O a5 9. Nb3 Ba7 10. e3 dxe3 11. Qxd8+ Kxd8 12. Bxe3 Bxe3 13. fxe3 Ke7 14. Nc5 {½-½ (36) Kuzmicz,K (2461)-Tomczak,J (2628) Katowice 2019}) 8... Bb4+ 9. Bd2 Be7 {[%emt 0:01:07] [#]} (9... Bxd2+ $11 10. Nfxd2 e5) 10. Bf4 (10. Nfxd4 $1 $16 Bd7 11. Bc3) 10... Bb4+ (10... Nh5 $1 $14) 11. Kf1 $16 O-O 12. Nfxd4 ({But not} 12. Nbxd4 Nxd4 13. Qxd4 (13. Nxd4 Qe7 $14) 13... Qa5 $16) 12... Qb6 (12... Bd7 $16) 13. Nxc6 $18 bxc6 14. c5 Qb5 15. a3 Ba5 16. Nxa5 {[%emt 0:16:13] White is clearly winning.} Qxa5 17. Bxc6 {[%emt 0:01:34] This bishop pair is nice.} Ba6 18. b4 Qd8 19. Qxd8 Raxd8 20. Bd6 {[%emt 0:00:10] White took control after the opening.  Weighted Error Value: White=0.06 (flawless) /Black=0.57} 1-0

[Event "Asian Amateur-ch Open 2022"]
[Site "Muscat"]
[Date "2022.10.02"]
[Round "5.4"]
[White "Thapa, Krishna"]
[Black "Maasarani, Mahmoud"]
[Result "1-0"]
[ECO "D78"]
[WhiteElo "1928"]
[BlackElo "1991"]
[Annotator "TA"]
[PlyCount "89"]
[EventDate "2022.09.29"]
[EventType "swiss"]
[SourceTitle "playchess.com"]
[Source "ChessBase"]
[SourceQuality "1"]
[TimeControl "5400+30"]

1. d4 d5 2. c4 c6 3. Nf3 Nf6 4. g3 g6 5. Bg2 Bg7 6. Nc3 O-O 7. O-O Re8 8. Ne5 e6 9. Bg5 {[%emt 0:03:01] D78: Fianchetto Grünfeld: 6 0-0 c6.} h6 {[%emt 0:01:14] [#]} 10. Bf4 $146 ({Predecessor:} 10. Be3 Nbd7 11. Qc1 Nxe5 12. dxe5 Ng4 13. Rd1 Nxe3 14. Qxe3 Qc7 15. Rac1 Qxe5 16. Qxe5 Bxe5 {0-1 (37) Koch,M (1774)-Hater,N (1908) Nordrheinwestfalen 2014}) 10... Qe7 ({Black should play} 10... Nfd7 $11) 11. Qd2 $14 {[%emt 0:04:14] White is slightly better.} Kh7 12. e4 Nxe4 $1 13. Nxe4 dxe4 14. Bxe4 Nd7 (14... c5 $11) 15. Rad1 $16 {[%emt 0:03:32] White is much more active.} f5 16. Bg2 g5 17. Nxd7 Bxd7 18. Be5 Rad8 19. Qa5 $36 {[%emt 0:04:36][%mdl 2048] Keeping Black busy.} a6 20. Bc7 Rc8 21. Qb6 e5 22. dxe5 {[%emt 0:04:09] Bd6 is the strong threat.} ({Worse is} 22. Qxb7 Be6 23. d5 Rxc7 $11) 22... Be6 23. Bd6 Qf7 24. b3 f4 25. f3 ({Better is} 25. Be4+ $18 Kh8 26. Rfe1) 25... h5 26. Qd4 Rh8 27. Rfe1 fxg3 (27... Rhg8 $16 28. gxf4 Qxf4 29. Qxf4 gxf4) 28. hxg3 $18 Kg8 29. Qe3 Qg6 (29... Bh6 $142 30. Bb4 Rh7) 30. Be7 g4 (30... Bh6 {is a better defense.} 31. Bf1 Re8) 31. f4 Qe8 32. Bh4 Bf8 33. Be4 {[%emt 0:02:17] [#] And now f5 would win.} Bb4 34. Rf1 Qf8 35. Kg2 Bf5 36. Qd3 Bxe4+ 37. Qxe4 Rh7 38. Bf6 (38. f5 $142 Bc3 39. f6 Bxe5 40. Qxe5) 38... Qf7 39. Rd3 Re8 40. Bh4 Qe6 41. Rfd1 {[%emt 0:00:32] [#] Threatens to win with Rd8.} Be7 {[%emt 0:02:32] Inhibits Rd8.} (41... Rf7 $142 42. Rd8 Ref8 43. Rxf8+ (43. Bf6 $2 Rxf6 44. a4 Bc5 $19) 43... Rxf8) 42. f5 Qh6 43. f6 Bc5 44. e6 Rf8 45. f7+ {[%emt 0:00:43] Weighted Error Value: White=0.19 (very precise) /Black=0.43} (45. Rd8 $142 a5 46. Qf5 Rc7 47. e7 Kf7 48. Rxf8+ Qxf8 49. Qh7+ Ke6 50. Re1+ Be3 51. Rxe3+ Kd6 52. exf8=B+ Re7 53. Qxe7#) 1-0

[Event "Asian Amateur-ch Open 2022"]
[Site "Muscat"]
[Date "2022.10.02"]
[Round "5.5"]
[White "Sharma Pankaj"]
[Black "Madhusoodanan, K.R."]
[Result "1/2-1/2"]
[ECO "A55"]
[WhiteElo "1764"]
[BlackElo "1663"]
[Annotator "NA RC COMBH"]
[PlyCount "133"]
[EventDate "2022.09.29"]
[EventType "swiss"]
[SourceTitle "playchess.com"]
[Source "ChessBase"]
[SourceQuality "1"]
[TimeControl "5400+30"]

1. Nf3 Nf6 2. d4 d6 3. c4 Nbd7 4. Nc3 e5 5. e4 Be7 6. Be2 c6 7. O-O O-O 8. h3 Qc7 9. Be3 Re8 10. Qc2 Nf8 11. a3 Ng6 12. Rfe1 Rf8 13. b4 Ne8 14. dxe5 dxe5 15. c5 h6 16. Nd2 Nf4 17. Bf1 g5 18. Nc4 Be6 19. Kh2 Rd8 20. Rad1 Ng7 21. Nd6 Bxd6 22. cxd6 Qb8 23. g3 Ng6 24. Qa4 b6 25. b5 c5 26. Nd5 Bxd5 27. Rxd5 Rxd6 28. Rxd6 Qxd6 29. Qxa7 Ne6 30. Kg2 Nd4 31. Bxd4 exd4 32. a4 d3 33. Bxd3 Qxd3 34. Qxb6 Ra8 35. Re3 Qd2 36. Qxc5 Rxa4 37. e5 Qd4 38. Qxd4 Rxd4 39. e6 fxe6 40. Rxe6 Kf7 41. Rc6 Rb4 42. b6 h5 43. Rc7+ Kf6 44. Rc6+ Kf5 45. b7 Ne5 46. Rc7 g4 47. Rh7 Kg6 48. Re7 Nf3 49. hxg4 hxg4 50. Re4 Rxb7 51. Rxg4+ Kh5 52. Rg8 Ng5 53. Rh8+ Kg6 54. Rg8+ Kh5 55. Rh8+ Kg6 56. Ra8 Rb2 57. Ra6+ Kh5 58. Ra5 Kg6 59. Re5 Kf6 60. Re8 Kf7 61. Re3 Kg6 62. g4 Nf7 63. Kg3 Rb1 64. Re6+ Kg7 65. f3 Rb3 66. Kf4 Rxf3+ 67. Kxf3 1/2-1/2

[Event "Asian Amateur-ch Open 2022"]
[Site "Muscat"]
[Date "2022.10.02"]
[Round "5.6"]
[White "Muhammed, Zahid"]
[Black "Mohammed Tareq Abbood Al-Latoo"]
[Result "0-1"]
[ECO "B13"]
[WhiteElo "1677"]
[BlackElo "1957"]
[Annotator "TA"]
[PlyCount "78"]
[EventDate "2022.09.29"]
[EventType "swiss"]
[SourceTitle "playchess.com"]
[Source "ChessBase"]
[SourceQuality "1"]
[TimeControl "5400+30"]

1. e4 c6 2. d4 d5 3. exd5 cxd5 4. Bd3 Nc6 5. Nf3 Nf6 6. O-O g6 7. c3 Bg7 8. Re1 {[%emt 0:00:59] 8.Bf4 is the modern continuation.} O-O 9. Nbd2 Bf5 {[%emt 0:02:05] B13: Caro-Kann: Exchange Variation and Panov-Botvinnik Attack.} 10. Bxf5 gxf5 11. Ne5 {[%emt 0:01:15] [#]} Kh8 $146 {[%emt 0:03:00] White is slightly better.} ({Predecessor:} 11... e6 12. Ndf3 Ne7 13. Bg5 Ne4 14. Bxe7 Qxe7 15. Nd3 Kh8 16. Nfe5 Bxe5 17. dxe5 Rg8 {0-1 (34) Kovacevic,V (2499)-Zelcic,R (2591) Stari Mikanovci 2008}) 12. Qe2 (12. Nb3 {is more complex.} e6 13. Bf4 Ne4 14. Nxc6 bxc6 15. Qh5) 12... e6 13. f3 Nxe5 14. Qxe5 Rg8 15. Qe2 (15. Nb3 $11) 15... Nh5 (15... Bf8 $1 $15) 16. Nf1 f4 17. Bd2 Bf6 18. Qd1 Rg6 {[%emt 0:08:02][%cal Oe6e5] aiming for ...e5!} 19. Re2 {[%emt 0:00:58] Inhibits e5.} Qf8 20. Qc2 Qg7 21. Rd1 Rc8 22. Bc1 Rg8 23. a4 {[%emt 0:02:13] [#]} (23. b3 $15) 23... b6 (23... Be7 $1 $17) 24. Rdd2 Qh6 25. Qd1 Ng7 {[%emt 0:00:41][%cal Bh5g7,Bg7f5,Bf5h4][%mdl 32] Black is more active.} 26. Rc2 Nf5 27. Qd2 Bg5 28. Qd3 Nh4 29. Kh1 Nf5 {[%emt 0:02:21] Threatens to win with ...Ng3+.} 30. Kg1 Qh5 (30... Be7 $19 {Strongly threatening ...Bd6.} 31. b4 Bd6) 31. g4 $2 {[%emt 0:19:17][%mdl 8192] White does not recover from this.} (31. b3 $17) 31... fxg3 $19 32. hxg3 Bxc1 33. Rxc1 Nxg3 {[%emt 0:02:56] ( -> ...Ne4+)} 34. Nxg3 Rxg3+ 35. Kf2 Rg2+ (35... Qh4 $142 36. Ke1 Rxf3+ 37. Kd1 Rxd3+ 38. Kc2 Qf4 39. Rce1 Rdg3 40. Kb1 Qf5+ 41. Ka2 Qd3 42. Rh2 Rg1 43. Ree2 {[#]} Ra1+ $3 44. Kb3 Rg3 45. Rxh7+ Kxh7 46. Rh2+ Kg7 47. Rh7+ Kxh7 48. a5 Rxa5 49. Kb4 Qc4#) 36. Ke1 {[%emt 0:00:00] Black is clearly winning.} Rg1+ (36... Rxe2+ $142 37. Qxe2 Rg1+ 38. Kf2 Rxc1) 37. Kd2 Qh6+ 38. Qe3 Qxe3+ 39. Rxe3 R8g2+ {[%emt 0:02:30] Weighted Error Value: White=1.07/Black=0.60} 0-1

[Event "Asian Amateur-ch Open 2022"]
[Site "Muscat"]
[Date "2022.10.02"]
[Round "5.7"]
[White "Muhammad Shahzeb"]
[Black "Al Amari, Mohammed"]
[Result "1-0"]
[ECO "C45"]
[WhiteElo "1992"]
[BlackElo "1646"]
[Annotator "TA"]
[PlyCount "95"]
[EventDate "2022.09.29"]
[EventType "swiss"]
[SourceTitle "playchess.com"]
[Source "ChessBase"]
[SourceQuality "1"]
[TimeControl "5400+30"]

1. e4 e5 2. Nf3 Nc6 3. d4 exd4 4. Nxd4 Qh4 5. Nc3 Bb4 6. Be2 Qxe4 {[%emt 0:03:48] [#]} 7. Ndb5 $1 Ba5 {[%emt 0:14:22][%mdl 8192] [#] A mistake that costs the game. C45: Scotch Game.} (7... Qxg2 $2 8. Bf3 Qh3 9. Nxc7+ Kd8 10. Nxa8 $18) (7... Kd8 $16) 8. O-O (8. Nxc7+ $142 $1 Kd8 9. Nxa8) 8... Qh4 $2 (8... Bxc3 9. Nxc7+ (9. Nxc3 Qd4 $16) (9. bxc3 Kd8 $14) 9... Kd8) 9. Nd5 $18 Qd8 {[%emt 0:00:29] White is winning.} 10. b4 {[%emt 0:05:22][%cal Bb2b4,Bb4b5][%mdl 32] [#]} Bb6 $146 ({Predecessor:} 10... Nxb4 11. Nxb4 Bxb4 12. Qd4 Be7 13. Qxg7 Bf6 14. Qg3 d6 15. Rb1 Ne7 16. Bh5 a6 {0-1 (36) Muslic,E-Svagusa,B Sv Filip i Jakov 2001}) 11. c4 {[%emt 0:01:08] And now c5 would win.} a6 (11... Nxb4 {keeps fighting.} 12. Nxb4 Ne7) 12. Nxb6 {[%emt 0:00:10][%mdl 64] Deflection} cxb6 13. Nd6+ Kf8 14. b5 Nce7 15. Bh5 Ng6 16. Ba3 N8e7 17. Bxg6 hxg6 18. Nxc8 Rxc8 19. Re1 Qc7 20. Bxe7+ ({Resist} 20. Bd6 Qxc4 21. Bxe7+ Kg8 22. Qxd7 axb5 23. Qxb7 Qc7 24. Qxc7 Rxc7 $18) 20... Kg8 21. Bd6 Qxc4 22. Rc1 Qxc1 23. Qxc1 Rxc1 24. Rxc1 {[%emt 0:00:01][%mdl 4096] Endgame KRB-KR} Rh5 25. Rb1 Rd5 26. Bf4 axb5 27. Kf1 Rd4 28. Be3 Ra4 29. Rb2 Ra6 30. Bd2 f5 31. Bb4 Kf7 32. Rd2 {[%emt 0:00:11] White is clearly winning.} Ke6 33. Rd6+ Ke5 34. a3 Ra8 35. Rxd7 Rc8 36. Rxg7 Rc1+ 37. Ke2 Rc2+ 38. Kf3 Rc6 39. Re7+ Kf6 40. Rxb7 g5 41. h3 Ke5 42. Rd7 Rc2 43. Rd3 Rc4 44. Re3+ Kd5 45. Rc3 {[%emt 0:00:32] Black must now prevent Rxc4.} Rf4+ 46. Ke2 Re4+ 47. Kd2 Rf4 48. Rf3 {[%emt 0:00:05] Weighted Error Value: White=0.46/Black=0.78} 1-0

[Event "Asian Amateur-ch Open 2022"]
[Site "Muscat"]
[Date "2022.10.02"]
[Round "5.8"]
[White "Reyes, Danilo G."]
[Black "Rafee, Mohd Hayel"]
[Result "1/2-1/2"]
[ECO "A05"]
[WhiteElo "1584"]
[BlackElo "1941"]
[Annotator "TA"]
[PlyCount "168"]
[EventDate "2022.09.29"]
[EventType "swiss"]
[SourceTitle "playchess.com"]
[Source "ChessBase"]
[SourceQuality "1"]
[TimeControl "5400+30"]

1. Nf3 c5 2. g3 Nc6 3. Bg2 g6 4. e4 Bg7 5. d3 d6 6. O-O Nf6 7. Re1 O-O 8. c3 Rb8 9. Nbd2 b5 10. Qc2 {[%emt 0:01:22] A05: Réti Opening: 1 Nf3 Nf6.} b4 11. Nc4 Nd7 {[%emt 0:12:29] [#] Prevents e5.} 12. a3 $146 {[%emt 0:10:02] Black has an edge.} ({Predecessor:} 12. Bd2 Ba6 13. Ne3 Nde5 14. Nxe5 Nxe5 15. c4 Nc6 16. Qa4 Qc8 17. Rab1 Bb7 18. h3 {0-1 (61) Lashkevich,A (1364)-Vasiliev,M (1879) Minsk 2018}) 12... a5 (12... bxc3 $15 13. bxc3 Ba6) 13. axb4 $11 axb4 14. Bf4 Qc7 15. h4 e5 16. Bd2 Nf6 17. Bg5 Be6 18. Ne3 Rb7 19. Bxf6 Bxf6 20. Nd5 Bxd5 21. exd5 Ne7 (21... Na5 $11 {was preferrable.}) 22. Nd2 $14 bxc3 23. bxc3 Rfb8 24. Nc4 Bg7 25. Ra6 Nc8 26. Rc6 Qd7 27. f4 $2 (27. Ra1 $11) 27... exf4 $19 28. gxf4 Bf8 ({Black should play} 28... Ne7 $1 $19 29. f5 (29. Rxd6 Qg4 $17) (29. Nxd6 $2 Rb2 $19) 29... Nxf5) 29. f5 (29. Qf2 $1 $15) 29... Qxf5 30. Rf1 Qg4 31. Qf2 Qd7 (31... Bg7 $142 32. Kh2 Re7) 32. Kh2 ({White should try} 32. Qg3) 32... Qe8 (32... Nb6 $142 {Threatens to win with ...Nxc4.} 33. Nd2 f5) 33. h5 Nb6 (33... Bg7 $1 $17 34. d4 cxd4 35. cxd4 Ra7) 34. Nxd6 $11 Qe5+ 35. Qg3 {[%emt 0:00:29] Really sharp!} Qxg3+ (35... Bxd6 $5 36. Rxd6 Qxh5+ 37. Kg1 Na4 $15) 36. Kxg3 Rd7 37. Ne4 {[%emt 0:02:58] And now Nf6+ would win.} Nxd5 (37... Rdd8 $1 $11) 38. hxg6 {[%emt 0:02:46] White is more active.} ({Inferior is} 38. Nxc5 Rd6 39. Bxd5 Rxd5 $17) (38. c4 $16 Nb6 39. Nf6+ Kh8 40. Nxd7 Nxd7 41. hxg6 (41. Rxf7 Ne5 $14) 41... hxg6 42. Bd5 (42. Rxf7 Ne5 $16)) 38... hxg6 $14 39. Nxc5 ({White has to play} 39. c4 $14 Nb6 40. Nf6+ Kg7 41. Nxd7 Nxd7 42. Bd5) 39... Bxc5 40. Rxc5 Ne3 41. Rf3 Nf5+ 42. Kg4 Rb2 43. Bf1 Rh2 44. Bh3 Ra7 45. Rcxf5 gxf5+ 46. Kxf5 $11 {[%emt 0:00:03][%mdl 4096] Endgame KRR-KRB} Kg7 47. c4 Re2 48. Rg3+ Kf8 49. Bg2 Ke7 50. Bd5 Ra6 51. Be4 $1 Ra5+ 52. Kf4 Ra1 53. Ke5 Ra5+ 54. Kd4 f5 55. Bd5 Kf6 56. Rg8 {[%emt 0:00:47] Against Re8} f4 57. Rf8+ Kg5 58. Rg8+ Kh4 59. Rh8+ Kg3 60. Rg8+ Kf2 61. Rg2+ Kf1 62. Rg4 Rf2 63. Ke4 f3 64. Ke3 Ra7 $2 (64... Ra1 $11) 65. Bxf3 $18 Rh7 66. Be4 Re2+ (66... Rh3+ $16 67. Kd4 Ra2) 67. Kd4 Rd7+ {[%emt 0:00:02] [#]} 68. Bd5 (68. Kc3 $1 $18) 68... Ke1 $2 (68... Rh2 $16) 69. Rg3 $2 (69. Re4 $18 {is the precise move to win. Hoping for c5.} Kd1 70. Rxe2 Kxe2 71. c5) 69... Kd2 $2 (69... Rf2 $16 {keeps fighting.}) 70. c5 Rh2 {[%emt 0:00:23] aiming for ...Rh4+.} 71. Kc4 $2 (71. c6 $18 Rh4+ 72. Kc5) 71... Rh5 $16 72. Rg2+ (72. Bf3 $16 Rxc5+ 73. Kxc5 Rxd3 74. Rg2+ Ke1 75. Bd5) 72... Ke3 $11 73. Be4 Kf4 {[%emt 0:01:51] Against Rg3} (73... Ra7 $11 {keeps the balance.}) 74. c6 (74. Rf2+ $16 Ke5 75. Re2) 74... Ra7 $1 75. Rb2 Raa5 {[%emt 0:00:35] Against Rb5} 76. Rb7 Ke5 $2 {[%emt 0:00:36][%mdl 8192] [#]} (76... Ke3 $1 $11 {and Black stays safe.}) 77. Rb5+ $2 (77. c7 $1 $18 Rh8 78. Rb8) 77... Kd6 {[%emt 0:00:20] The position is equal.} 78. Rxh5 Rxh5 {[%emt 0:00:02] KR-KB} 79. d4 Ra5 80. d5 Ra4+ 81. Kd3 Rb4 82. Ke3 Ke5 83. Bf3 Rb3+ 84. Kf2 Kd6 {[%emt 0:00:05] Quite a comeback for White.  Weighted Error Value: White=0.19 (very precise) /Black=0.20 (precise)} 1/2-1/2